 Dungeon Crawl Stone Soup version 0.22-a0-750-ga7dcef7 (webtiles) character file.

5954 sking99 the Grappler (level 10, -11/104 HPs)
             Began as an Ogre Transmuter on July 15, 2018.
             Was a Believer of Uskayaw.
             Mangled by a tengu warrior
             ... wielding a +0 dire flail
              (20 damage)
             ... on level 9 of the Dungeon.
             The game lasted 00:27:10 (11262 turns).

sking99 the Grappler (Ogre Transmuter)             Turns: 11262, Time: 00:27:11

Health: -11/104    AC:  2    Str: 16    XL:     10   Next: 84%
Magic:  9/15       EV: 24    Int: 14    God:    Uskayaw [**....]
Gold:   519        SH:  4    Dex: 17    Spells: 5/15 levels left

rFire    . . .     SeeInvis .     - Unarmed
rCold    . . .     Gourm    .   (shield currently unavailable)
rNeg     . . .     Faith    .   (armour currently unavailable)
rPois    x         Spirit   .   (helmet currently unavailable)
rElec    .         Reflect  +   (cloak currently unavailable)
rCorr    .         Harm     .   (gloves unavailable)
MR       +....                  (boots unavailable)
Stlth    ++........             A - +4 amulet of reflection
HPRegen  0.27/turn              (no ring)
MPRegen  0.14/turn              (no ring)

@: spider-form (expiring)
A: tiny, unfitting armour
a: End Transformation, Stomp, Line Pass, Renounce Religion


You were on level 9 of the Dungeon.
You worshipped Uskayaw.
Uskayaw was noncommittal.
You were hungry.
You were a venomous arachnid creature.
You visited 1 branch of the dungeon, and saw 9 of its levels.

You collected 519 gold pieces.

Inventory:

Missiles
 a - 87 arrows
Armour
 b - a +0 robe (melded)
 v - a scarf of resistance (melded)
Jewellery
 c - an uncursed amulet of rage
 t - an uncursed ring of ice
 A - a +4 amulet of reflection (around neck)
 C - an uncursed amulet of harm
Wands
 j - a wand of iceblast (10)
 s - a wand of flame (38)
 u - a wand of digging (9)
 y - a wand of paralysis (6)
Scrolls
 e - 3 scrolls of enchant armour
 g - 2 scrolls of magic mapping {unknown}
 i - 6 scrolls of remove curse
 n - a scroll of fog
 q - 2 scrolls of random uselessness {unknown}
 r - 3 scrolls of teleportation {unknown}
 w - 2 scrolls of fear {unknown}
 z - a scroll of amnesia
 B - a scroll of identify
 D - 2 scrolls of torment {unknown}
 E - 3 scrolls of holy word {unknown}
 F - a scroll of enchant weapon {unknown}
Potions
 f - 3 potions of curing
 h - 2 potions of berserk rage
 k - 2 potions of mutation
 l - 4 potions of heal wounds
 m - 4 potions of agility
 o - a potion of flight
 p - 2 potions of magic
 x - 2 potions of might
 G - a potion of haste {unknown}
Comestibles
 d - 17 rations


   Skills:
 - Level 8.0 Fighting
 - Level 6.0 Dodging
 * Level 10.1 Unarmed Combat
 - Level 3.3 Spellcasting
 + Level 4.4 Transmutations
 + Level 1.5 Ice Magic
 - Level 1.0 Poison Magic
 + Level 6.2 Invocations


You had 5 spell levels left.
You knew the following spells:

 Your Spells              Type           Power        Failure   Level  Hunger
a - Beastly Appendage     Tmut           ##....       11%         1    #......
b - Sticks to Snakes      Tmut           ##......     14%         2    ##.....
c - Spider Form           Tmut/Pois      #.........   41%         3    ###....
d - Ice Form              Ice/Tmut       ##......     73%         4    #####..

Your spell library contained the following spells:

 Spells                   Type           Power        Failure   Level  Hunger
 Blade Hands              Tmut           ##........   85%         5    ######.


Dungeon Overview and Level Annotations

Branches:
Dungeon (9/15)             Temple (0/1) D:4            Lair (0/6) D:8
    Orc: D:9-12

Altars:
Cheibriados
Okawaru
Ru
Sif Muna
Uskayaw
Vehumet
Xom

Shops:
D:5 [


Innate Abilities, Weirdness & Mutations

You are too large for most types of armour.
((You have tough skin. (AC +1)))


Message History

The tengu warrior hits you with a dire flail!
The tengu warrior pecks you. The tengu warrior closely misses you.
The bullfrog closely misses you.
You hit the tengu warrior but do no damage.
The tengu warrior looks as sick as possible!
The tengu warrior is severely wounded.
The tengu warrior hits you with a dire flail!!
* * * LOW HITPOINT WARNING * * *
The tengu warrior pecks you.
* * * LOW HITPOINT WARNING * * *
The tengu warrior claws you!
* * * LOW HITPOINT WARNING * * *
The bullfrog closely misses you.
Okay, then.
You stomp with the beat, sending a shockwave through the revelers around you!
The tengu warrior is almost dead.
The bullfrog is heavily wounded.
You feel somewhat more hungry. The bullfrog completely misses you.
The tengu warrior hits you with a dire flail!!
You die...

########## #........#
#........# #...#.#.)##
#########...[<)...# #
....#.......#[#...# .#
..p.'.............# .#
..####..#.......s.#..# .
#_'...#......FQ##..#...
#####...#........#.......
#'......+.......().......
##..#####........#....###
#..# ....###'###...##
#### ....#......G...# ...
+............ .
#..##?.####.##


You could see a tengu warrior and a bullfrog.

Vanquished Creatures
  A centaur warrior (D:9)
  A two-headed ogre (D:8)
  Pikel (D:8)
  Joseph (D:8)
  2 hippogriffs
  2 wyverns (D:8)
  5 humans
  2 orc warriors
  An ice beast (D:9)
  2 slaves (D:8)
  A black bear (D:6)
  A phantom (D:5)
  A necrophage (D:6)
  A sky beast (D:6)
  3 ogres
  A centaur (D:8)
  A bullfrog (D:6)
  A big kobold (D:8)
  A gnoll sergeant (D:7)
  4 scorpions
  3 killer bees (D:7)
  A howler monkey (D:4)
  2 crimson imps
  5 jellies
  A bullfrog zombie (D:8)
  A centaur zombie (D:6)
  A quasit (D:7)
  An orc priest (D:4)
  5 orc wizards
  A hound (D:8)
  Jessica (D:3)
  A centaur skeleton (D:8)
  An iguana (D:5)
  6 worker ants
  A killer bee zombie (D:8)
  5 gnolls
  10 adders
  A shadow imp (D:7)
  6 oozes
  An adder skeleton (D:6)
  A worm (D:2)
  3 dart slugs
  6 leopard geckos
  21 orcs
  9 bats
  12 giant cockroaches
  6 goblins
  8 hobgoblins
  5 jackals
  2 quokkas (D:7)
  3 ball pythons
  4 frilled lizards
  10 kobolds
  A leopard gecko zombie (D:7)
  A quokka zombie (D:6)
  10 rats
189 creatures vanquished.

Notes
Turn   | Place    | Note
-------+----------+-------------------------------------------
     0 | D:1      | sking99 the Ogre Transmuter began the quest for the Orb.
     0 | D:1      | Reached XP level 1. HP: 19/19 MP: 3/3
   115 | D:1      | Reached XP level 2. HP: 19/28 MP: 3/5
   116 | D:1      | Reached skill level 3 in Unarmed Combat
   527 | D:1      | Learned a level 2 spell: Sticks to Snakes
   608 | D:1      | Reached XP level 3. HP: 35/35 MP: 6/6
   850 | D:1      | Learned a level 3 spell: Spider Form
  1281 | D:2      | Reached XP level 4. HP: 4/44 MP: 7/7
  1288 | D:2      | HP: 2/44 [poisoned by an adder]
  1296 | D:2      | HP: 1/44 [poisoned by an adder]
  1698 | D:2      | Found a hide-covered altar of Uskayaw.
  1958 | D:2      | Reached skill level 1 in Poison Magic
  2090 | D:2      | Found a deep blue altar of Sif Muna.
  2137 | D:2      | Reached skill level 4 in Unarmed Combat
  2137 | D:2      | Reached XP level 5. HP: 27/50 MP: 4/8
  2828 | D:2      | Became a worshipper of Uskayaw the Reveler
  3176 | D:3      | Reached * piety under Uskayaw
  3222 | D:3      | Reached ** piety under Uskayaw
  3846 | D:3      | Found a sacrificial altar of Ru.
  4006 | D:3      | Found a snail-covered altar of Cheibriados.
  4109 | D:3      | Found an iron altar of Okawaru.
  4152 | D:3      | Found a deep blue altar of Sif Muna.
  4153 | D:3      | Noticed Jessica
  4160 | D:3      | Killed Jessica
  4274 | D:4      | Reached skill level 5 in Unarmed Combat
  4274 | D:4      | Reached XP level 6. HP: 58/58 MP: 1/9
  4851 | D:4      | Reached XP level 7. HP: 43/66 MP: 6/10
  5120 | D:4      | Found a staircase to the Ecumenical Temple.
  5325 | D:5      | Entered Level 5 of the Dungeon
  5339 | D:4      | Reached skill level 6 in Unarmed Combat
  5511 | D:5      | Found Vyplaum's Antique Armour Shop.
  5970 | D:5      | Reached XP level 8. HP: 69/78 MP: 9/11
  6103 | D:5      | Found a snail-covered altar of Cheibriados.
  6450 | D:5      | Reached skill level 1 in Invocations
  6463 | D:5      | Reached skill level 7 in Unarmed Combat
  6924 | D:6      | Reached skill level 5 in Fighting
  7160 | D:6      | Reached XP level 9. HP: 77/88 MP: 9/12
  7285 | D:6      | Found a radiant altar of Vehumet.
  7436 | D:6      | Reached skill level 8 in Unarmed Combat
  8939 | D:7      | Reached *** piety under Uskayaw
  8943 | D:7      | Reached **** piety under Uskayaw
  9410 | D:7      | Reached skill level 5 in Dodging
  9690 | D:8      | Noticed a two-headed ogre
  9720 | D:8      | Killed a two-headed ogre
  9720 | D:8      | Reached skill level 9 in Unarmed Combat
  9720 | D:8      | Reached skill level 5 in Invocations
  9720 | D:8      | Reached XP level 10. HP: 7/102 MP: 7/13
 10434 | D:8      | Found a staircase to the Lair.
 10802 | D:8      | Noticed Joseph
 10822 | D:8      | Killed Joseph
 11067 | D:8      | Learned a level 4 spell: Ice Form
 11163 | D:9      | Found a shimmering altar of Xom.
 11167 | D:9      | Noticed Pikel
 11217 | D:8      | Killed Pikel
 11229 | D:9      | Noticed a centaur warrior
 11229 | D:9      | Noticed a seven-headed hydra
 11240 | D:9      | Killed a centaur warrior
 11240 | D:9      | Reached skill level 10 in Unarmed Combat
 11240 | D:9      | Reached skill level 1 in Ice Magic
 11246 | D:9      | Noticed a tengu warrior
 11262 | D:9      | Mangled by a tengu warrior

Vault maps used:
D:1:      tarquinn_simple_flora_water_e
D:2:      overflow_temple_1_default, eat_drink_and_be_merry_uskayaw,
          minmay_close_crescents
D:3:      lemuel_doored_altar, okawaru_ov_weapons_minmay,
          kennysheep_slug_shrine, first_ration, kennysheep_decorative_pillar,
          led_sif_book, uniq_jessica
D:4:      minmay_temple_entry_from_below_b
D:5:      basic_altar, serial_shops, nicolae_shop_overgrown_old_shop
D:6:      vehumet_altar_wand_db, minmay_ruffians
D:8:      dpeg_oklobed_lair, hangedman_little_slice_of_home, uniq_joseph
D:9:      grunt_temple_overflow_opulence, kennysheep_mini, serial_shops,
          nicolae_shop_waterfront, ebering_ghost_rock_garden,
          mrwooster_statue_mirror, st_stairs_14, minivault_28, uniq_pikel,
          uniq_psyche, uniq_gastronok

Skill      XL: |  1  2  3  4  5  6  7  8  9 10 |
---------------+-------------------------------+-----
Dodging        | 2 3 4 5 6 |  6.0
Unarmed Combat | 3 4 5 6 7 9 10 | 10.1
Fighting       | 2 3 5 7 8 |  8.0
Transmutations | 2 3 4 |  4.4
Poison Magic   | 1 |  1.0
Invocations    | 3 5 6 |  6.2
Spellcasting   | 3 |  3.3
Ice Magic      | 1 |  1.5

Action                   |  1- 3 |  4- 6 |  7- 9 | 10-12 || total
-------------------------+-------+-------+-------+-------++-------
Melee: Unarmed           |   133 |   204 |   295 |   113 ||   745
       Kick              |    10 |     4 |       |       ||    14
       Headbutt          |     3 |       |       |       ||     3
       Punch             |       |     1 |     2 |     2 ||     5
 Cast: Beastly Appendage |    13 |     3 |       |       ||    16
       Spider Form       |       |    20 |    36 |    14 ||    70
       Sticks to Snakes  |       |     1 |     1 |       ||     2
Invok: Stomp             |       |       |       |     1 ||     1
  Use: Scroll            |     1 |     4 |     8 |       ||    13
       Potion            |     1 |       |     1 |     1 ||     3
 Stab: Sleeping          |     1 |       |       |       ||     1
       Paralysed         |       |       |     2 |     5 ||     7
  Eat: Chunk             |     1 |    16 |    17 |     1 ||    35
       Ration            |       |       |     1 |     2 ||     3
Armor: Robe              |    40 |    55 |    11 |     1 ||   107
       Skin              |       |       |    25 |     6 ||    31
Dodge: Dodged            |    91 |   122 |   198 |    98 ||   509
Block: Other             |       |       |    21 |    19 ||    40

Table legend:
 A = Spawn XP
 B = Non-spawn XP
 C = Spawn XP percentage of total XP
 D = Spawn monster count
 E = Non-spawn monster count
 F = Spawn count percentage of total count
 G = Total turns spent on level
                    A         B        C        D         E        F      G
               +---------+---------+-------+---------+---------+-------+---------
         Total |       0 |    8506 |   0.0 |       0 |     187 |   0.0 | 11262
               +---------+---------+-------+---------+---------+-------+---------
           D:1 |       0 |      62 |   0.0 |       0 |      29 |   0.0 |  1196
           D:2 |       0 |     125 |   0.0 |       0 |      25 |   0.0 |  1973
           D:3 |       0 |     116 |   0.0 |       0 |      24 |   0.0 |  1093
           D:4 |       0 |     529 |   0.0 |       0 |      18 |   0.0 |  1098
           D:5 |       0 |    1079 |   0.0 |       0 |      18 |   0.0 |  1539
           D:6 |       0 |    1299 |   0.0 |       0 |      23 |   0.0 |  1780
           D:7 |       0 |     936 |   0.0 |       0 |      21 |   0.0 |   981
           D:8 |       0 |    3274 |   0.0 |       0 |      24 |   0.0 |  1510
           D:9 |       0 |    1086 |   0.0 |       0 |       5 |   0.0 |    92
               +---------+---------+-------+---------+---------+-------+---------
